 Dungeon Crawl Stone Soup version 0.23.2-33-g5129a83184 (webtiles) character file.

Game seed: 3463170714487426449

613 Atelerd the Conjurer (level 7, 0/45 HPs)
             Began as an Octopode Wizard on July 10, 2019.
             Slain by a centaur (7 damage)
             ... on level 6 of the Dungeon.
             The game lasted 00:12:55 (5608 turns).

Atelerd the Conjurer (Octopode Wizard)              Turns: 5608, Time: 00:12:56

Health: 0/45       AC:  1    Str:  7    XL:     7   Next: 44%
Magic:  1/14       EV: 13    Int: 22    God:
Gold:   236        SH:  0    Dex: 10    Spells: 6/15 levels left

rFire    . . .     SeeInvis .   t - +3 dagger
rCold    . . .     Gourm    .   (no shield)
rNeg     + . .     Faith    .   a - +0 hat
rPois    .         Spirit   .   (no amulet)
rElec    .         Reflect  .   k - ring of positive energy
rCorr    .         Harm     .   g - ring of stealth
MR       .....                  (no ring)
Stlth    ++++......             (no ring)
HPRegen  0.15/turn              (no ring)
MPRegen  0.14/turn              (no ring)
                                (no ring)
                                (no ring)

@: no status effects
A: almost no armour, stealthy swim, amphibious, 8 rings, constrict 8, camouflage
1, gelatinous body 1
a: no special abilities


You were on level 6 of the Dungeon.
You were hungry.

You visited 1 branch of the dungeon, and saw 6 of its levels.

You collected 236 gold pieces.

Inventory:

Hand Weapons
 f - a +0 hunting sling
 n - a +0 dagger
 o - a +0 spear of piercing
 r - a +0 long sword
 t - a +3 dagger (weapon)
 x - a +0 hunting sling of flaming
Missiles
 s - 6 tomahawks (quivered)
Armour
 a - a +0 hat (worn)
Jewellery
 g - a ring of stealth (right tentacle)
 k - a ring of positive energy (left tentacle)
Wands
 v - a wand of flame (14)
 A - a wand of polymorph (10)
 C - a wand of digging (6)
Scrolls
 b - 5 scrolls of identify {unknown}
 d - 2 scrolls of enchant armour {unknown}
 e - a scroll of teleportation {unknown}
 l - 2 scrolls of magic mapping {unknown}
 m - 2 scrolls of remove curse {unknown}
 p - 5 scrolls of amnesia {unknown}
 u - a scroll of fog {unknown}
 w - a scroll of immolation
 y - a scroll of blinking {unknown}
Potions
 h - 2 potions of degeneration {unknown}
 j - a potion of heal wounds {unknown}
 q - a potion of berserk rage {unknown}
 z - a potion of agility {unknown}
 B - a potion of brilliance {unknown}
 D - a potion of haste {unknown}
 E - a potion of ambrosia {unknown}
Comestibles
 c - 2 rations


   Skills:
 - Level 2.0 Fighting
 - Level 2.0 Dodging
 - Level 2.6 Stealth
 + Level 4.9 Spellcasting
 * Level 6.1 Conjurations
   Level 1.0 Summonings
 - Level 1.0 Translocations


You had 6 spell levels left.
You knew the following spells:

 Your Spells              Type           Power        Failure   Level  Hunger
a - Magic Dart            Conj           ####         1%          1    None
b - Mephitic Cloud        Conj/Pois/Air  ##......     13%         3    ##.....
c - Blink                 Tloc           N/A          11%         2    None
d - Conjure Flame         Conj/Fire      ###.....     9%          3    ##.....

Your spell library contained the following spells:

 Spells                   Type           Power        Failure   Level  Hunger
 Call Imp                 Summ           #.......     11%         2    None
 Slow                     Hex            #.......     16%         2    None


Dungeon Overview and Level Annotations

Branches:
Dungeon (6/15)
 Temple: D:4-7

Altars:
Cheibriados
The Shining One

Annotations:
D:2 exclusion: downstairs
D:3 1 runed translucent door, Scypier's ghost, amateur TrBe


Innate Abilities, Weirdness & Mutations

You cannot wear most types of armour.
You are very stealthy in the water. (Stealth+)
You are amphibious.
You can wear up to eight rings at the same time.
You can use your tentacles to constrict eight enemies at once.
Your skin changes colour to match your surroundings (Stealth+).
Your rubbery body absorbs attacks. (AC +1, EV +1)


Message History

Press: ? - help, Shift-Dir - straight line, f/p - centaur
Aim: a centaur (severely wounded)
The magic dart hits the centaur.
The centaur is almost dead.
The centaur hits you!
* * * LOW HITPOINT WARNING * * *
The centaur closely misses you.
Casting: Magic Dart (safe; 1% risk of failure)
Confirm with . or Enter, or press ? or * to list all spells.
Aiming: Magic Dart (safe; 1% risk of failure)
Press: ? - help, Shift-Dir - straight line, f/p - centaur
Aim: a centaur (almost dead)
The magic dart hits the centaur.
The centaur is almost dead.
The centaur hits you.
* * * LOW HITPOINT WARNING * * *
You hit the centaur but do no damage.
The centaur is almost dead.
The centaur hits you!
You die...

o?......#
........#
#####o..#
........####
####....##.# #####
#....##.# #...
####....##.###.###
...........).)oc(#
#####...######.#@#
........<....#.#.#
.#####.#.###...#.#
....># ###.#
##..... ..#
#..#... .##
.......# .
##..##..# #. ..
..#


You could see a centaur and an orc (confused).

Vanquished Creatures
  Edmund (D:4)
  An orc warrior (D:6)
  2 ogres
  A hound (D:4)
  A bullfrog skeleton (D:5)
  Ijyb (D:4)
  Robin (D:3)
  3 gnolls
  3 adders
  An ooze (D:4)
  3 worms
  A dart slug (D:3)
  2 leopard geckos (D:1)
  3 orcs
  7 bats
  3 giant cockroaches
  22 goblins
  5 hobgoblins
  4 jackals (D:1)
  3 kobolds
  2 quokkas (D:4)
  A ball python (D:2)
  4 frilled lizards
  A leopard gecko zombie (D:6)
  6 rats
82 creatures vanquished.

Notes
Turn   | Place    | Note
-------+----------+-------------------------------------------
     0 | D:1      | Atelerd the Octopode Wizard began the quest for the Orb.
     0 | D:1      | Reached XP level 1. HP: 11/11 MP: 4/4
   384 | D:1      | Reached XP level 2. HP: 16/18 MP: 0/6
   551 | D:1      | Reached skill level 2 in Conjurations
   574 | D:1      | Reached skill level 1 in Fighting
   728 | D:1      | Reached XP level 3. HP: 23/23 MP: 5/7
   739 | D:1      | Learned a level 3 spell: Mephitic Cloud
   742 | D:1      | Learned a level 2 spell: Blink
  1383 | D:2      | Found a glowing golden altar of the Shining One.
  1691 | D:2      | Found a snail-covered altar of Cheibriados.
  2304 | D:3      | Found a runed translucent door.
  2308 | D:3      | Noticed Scypier's ghost (amateur TrBe)
  2367 | D:3      | Reached XP level 4. HP: 28/28 MP: 6/9
  2376 | D:3      | Noticed Robin
  2447 | D:3      | Learned a level 3 spell: Conjure Flame
  2613 | D:3      | Reached skill level 3 in Conjurations
  3254 | D:3      | Killed Robin
  3273 | D:3      | Reached XP level 5. HP: 14/34 MP: 3/10
  3578 | D:4      | Noticed an ogre
  3591 | D:4      | Noticed Edmund
  3592 | D:4      | Killed an ogre
  3592 | D:4      | Reached skill level 4 in Conjurations
  3664 | D:4      | Noticed an ogre
  3924 | D:3      | Killed an ogre
  3924 | D:3      | Reached XP level 6. HP: 39/39 MP: 4/12
  4202 | D:4      | Killed Edmund
  4202 | D:4      | Reached skill level 5 in Conjurations
  4489 | D:4      | Noticed Ijyb
  4505 | D:4      | Killed Ijyb
  4505 | D:4      | Reached XP level 7. HP: 44/45 MP: 6/13
  4765 | D:5      | Entered Level 5 of the Dungeon
  5325 | D:5      | Noticed a vampire
  5588 | D:6      | Reached skill level 6 in Conjurations
  5608 | D:6      | Slain by a centaur

Skill      XL: |  1  2  3  4  5  6  7 |
---------------+----------------------+-----
Conjurations   | 2 3 4 5 6 |  6.1
Fighting       | 1 2 |  2.0
Spellcasting   | 4 |  4.9
Dodging        | |  2.0
Stealth        | |  2.6
Summonings     | |  1.0
Translocations | |  1.0

Action                   |  1- 3 |  4- 6 |  7- 9 || total
-------------------------+-------+-------+-------++-------
Melee: Hunting sling     |     6 |       |       ||     6
       Tentacles         |     4 |    14 |     1 ||    19
       Constrict         |     4 |    30 |     6 ||    40
       Spear             |    17 |    90 |     8 ||   115
       Dagger            |       |    34 |    34 ||    68
Throw: Tomahawk          |    17 |    12 |       ||    29
 Cast: Magic Dart        |    62 |    17 |    18 ||    97
       Mephitic Cloud    |       |    18 |     6 ||    24
       Blink             |       |     3 |     4 ||     7
       Conjure Flame     |       |       |     3 ||     3
  Use: Potion            |       |       |     2 ||     2
 Stab: Sleeping          |     1 |     2 |       ||     3
       Confused          |       |     6 |     1 ||     7
  Eat: Chunk             |     4 |     4 |     1 ||     9
       Ration            |       |     1 |     1 ||     2
Armor: Skin              |     3 |     5 |     1 ||     9
Dodge: Dodged            |    26 |    46 |    32 ||   104
